 Dungeon Crawl Stone Soup version 0.23.2-30-g0e89c35649 (webtiles) character file.

Game seed: 507859749947614903

312 Matador8 the Cutter (level 6, 10/49 HPs)
             Began as a Demonspawn Fighter on June 25, 2019.
             Quit the game on level 4 of the Dungeon.
             The game lasted 00:10:27 (3928 turns).

Matador8 the Cutter (Demonspawn Fighter)            Turns: 3928, Time: 00:10:28

Health: 10/49      AC:  8    Str: 19    XL:     6   Next: 18%
Magic:  6/6        EV:  9    Int:  9    God:
Gold:   211        SH:  0    Dex: 16    Spells: 5/5 levels left

rFire    . . .     SeeInvis .   a - +0 rapier
rCold    . . .     Gourm    .   (no shield)
rNeg     . . .     Faith    .   b - +0 scale mail
rPois    .         Spirit   .   p - +1 helmet
rElec    .         Reflect  .   (no cloak)
rCorr    .         Harm     .   (no gloves)
MR       .....                  (no boots)
Stlth    +.........             (no amulet)
HPRegen  0.16/turn              (no ring)
MPRegen  0.10/turn              (no ring)

@: quite poisoned (10 -> 5), slowed, very slow
A: hooves 1, thin skeletal structure 2, powered by pain 1
a: no special abilities


You were on level 4 of the Dungeon.
You were hungry.

You visited 1 branch of the dungeon, and saw 4 of its levels.

You collected 211 gold pieces.

Inventory:

Hand Weapons
 a - a +0 rapier (weapon)
Armour
 b - a +0 scale mail (worn)
 c - a +0 shield
 p - a +1 helmet (worn)
Scrolls
 e - 3 scrolls of fog {unknown}
 g - 3 scrolls of magic mapping {unknown}
 i - 4 scrolls of identify {unknown}
 j - a scroll of enchant weapon {unknown}
 k - a scroll of blinking {unknown}
 m - 2 scrolls of amnesia {unknown}
 n - a scroll of noise {unknown}
 o - 2 scrolls of fear {unknown}
 r - a scroll of remove curse {unknown}
 t - a scroll of teleportation {unknown}
Potions
 d - 2 potions of might
 q - a potion of lignification {unknown}
 s - a potion of brilliance {unknown}
Comestibles
 f - 4 rations
 l - a chunk of flesh


   Skills:
 + Level 4.5 Fighting
 - Level 5.1 Short Blades
 - Level 2.6 Armour
 - Level 2.6 Shields


You had 5 spell levels left.
You didn't know any spells.
Your spell library was empty.

Dungeon Overview and Level Annotations

Branches:
Dungeon (4/15)
 Temple: D:4-7

Altars:
Dithmenos
Qazlal
Sif Muna

Shops:
D:4 %

Annotations:
D:4 Eustachio


Innate Abilities, Weirdness & Mutations

You have large cloven feet.
You have a moderately thin skeletal structure. (Dex +4, Stealth+)
You sometimes gain a little power by taking damage.


Message History

The quokka bites you but does no damage.
The river rat bites you but does no damage.
The quokka barely misses you.
The orc wizard mumbles some strange words.
The orc wizard blinks!
The river rat bites you but does no damage.
The worker ant closely misses you. The river rat bites you.
The orc wizard gestures wildly while chanting.
The orc wizard blinks!
The worker ant bites you. The river rat bites you.
* * * LOW HITPOINT WARNING * * *
The worker ant bites you.
* * * LOW HITPOINT WARNING * * *
Okay, then.
You feel better. The worker ant bites you.
* * * LOW HITPOINT WARNING * * *
You are poisoned.
The worker ant poisons you!
The worker ant bites you but does no damage.
Unknown command.
Are you sure you want to abandon this character and quit the game? (Confirm with "yes".)

.'.........##..##.#.# ###'#.##
##............###.#.# #.......
#..........### #.#.# #.......
#..(.....###.###.#.# #.......
##........# #..##.#.# #.......
..........###@r##.#(# #.......
..####.......orr#.#(######.......
..#.........###a#..(.............
..#.........# #.@.#.######...[...
..#.....(...# ##..#)# #.......
..######@#######..#[# ..#
####.o.r..@.....#
..##........####..###
..#........o..5..>#
###.........#######
..#........... #.#.###........


You could see Eustachio, a worker ant, an orc wizard, a river rat, a quokka and
a rat.

Vanquished Creatures
  A howler monkey (D:4)
  An orc priest (D:3)
  A hound (D:4)
  An iguana (D:4)
  A worker ant (D:3)
  Robin (D:3)
  7 adders
  4 worms
  2 dart slugs (D:3)
  2 leopard geckos
  8 orcs
  5 bats
  A giant cockroach (D:3)
  13 goblins
  7 hobgoblins
  3 jackals (D:4)
  4 kobolds
  A quokka (D:2)
  7 frilled lizards
  4 rats
74 creatures vanquished.

Notes
Turn   | Place    | Note
-------+----------+-------------------------------------------
     0 | D:1      | Matador8 the Demonspawn Fighter began the quest for the
                  | Orb.
     0 | D:1      | Reached XP level 1. HP: 18/18 MP: 1/1
    51 | D:1      | Reached skill level 2 in Short Blades
   245 | D:1      | Gained mutation: You have a somewhat thin skeletal
                  | structure. (Dex +2, Stealth) [demonic ancestry]
   245 | D:1      | Reached XP level 2. HP: 24/24 MP: 2/2
   972 | D:2      | Found a deep blue altar of Sif Muna.
   985 | D:2      | Reached skill level 3 in Short Blades
  1009 | D:2      | Gained mutation: You have large cloven feet. [demonic
                  | ancestry]
  1009 | D:2      | Reached XP level 3. HP: 24/29 MP: 3/3
  1469 | D:2      | Found a stormy altar of Qazlal.
  1772 | D:3      | Noticed Robin
  2073 | D:3      | Reached skill level 4 in Short Blades
  2073 | D:3      | Reached XP level 4. HP: 34/35 MP: 4/4
  2279 | D:3      | Killed Robin
  2740 | D:3      | Gained mutation: You have a moderately thin skeletal
                  | structure. (Dex +4, Stealth+) [demonic ancestry]
  2740 | D:3      | Reached XP level 5. HP: 29/41 MP: 5/5
  3165 | D:3      | Reached skill level 5 in Short Blades
  3498 | D:4      | Found a shadowy altar of Dithmenos.
  3540 | D:4      | Found Maplius's Food Emporium.
  3778 | D:4      | Gained mutation: You sometimes gain a little power by
                  | taking damage. [demonic ancestry]
  3778 | D:4      | Reached XP level 6. HP: 38/48 MP: 6/6
  3865 | D:4      | Noticed Eustachio
  3928 | D:4      | Quit the game

Skill      XL: |  1  2  3  4  5 |
---------------+----------------+-----
Short Blades   | 2 3 4 5 |  5.1
Fighting       | 4 |  4.5
Armour         | |  2.6
Shields        | |  2.6

Action                   |  1- 3 |  4- 6 || total
-------------------------+-------+-------++-------
Melee: Rapier            |   101 |   130 ||   231
       Kick              |    11 |    45 ||    56
  Use: Potion            |     1 |     1 ||     2
  Eat: Chunk             |     3 |     6 ||     9
Armor: Scale mail        |    30 |    63 ||    93
Dodge: Dodged            |    42 |    56 ||    98
